 Dungeon Crawl Stone Soup version 0.30.1-4-g462c640d31 (webtiles) character file.

Game seed: 14868578479494512975

200 Amplified the Trooper (level 5, -3/41 HPs)
             Began as a Demonspawn Warper on Aug 27, 2023.
             Was an Initiate of Ashenzari.
             Slain by a scorpion (6 damage)
             ... on level 4 of the Dungeon.
             The game lasted 00:05:44 (3104 turns).

Amplified the Trooper (Demonspawn Warper)           Turns: 3104, Time: 00:05:44

Health: -3/41      AC: 18    Str: 10 (13) XL:     5   Next: 48%
Magic:  8/8        EV:  7    Int: 13 (15) God:    Ashenzari [......]
Gold:   142        SH:  0    Dex:  9 (12) Spells: 6/8 levels left

rFire   + . .        a - +0 mace (protect)
rCold   . . .        (no shield)
rNeg    . . .        l - +0 chain mail
rPois   .            (no helmet)
rElec   .            (no cloak)
rCorr   .            f - +2 pair of gloves
SInv    .            (no boots)
Will    .....        (no amulet) Stlth
                     q - ring of protection from fire
HPRegen 0.26/turn    (no ring)
MPRegen 0.11/turn

%: no passive effects
@: under a protective aura
A: demonic guardian 1, sturdy frame 1, demonic touch 1
a: Renounce Religion


You were on level 4 of the Dungeon.
You worshipped Ashenzari.
Ashenzari was noncommittal.
You visited 1 branch of the dungeon, and saw 5 of its levels.

You collected 142 gold pieces.

Inventory:

Hand Weapons
 a - a +0 mace of protection (weapon)
 k - the +7 short sword of the Fulmar {heavy, Drain rN+++ MP+9 Dex-3}
   (You found it on level 5 of the Dungeon)

   Dex:       It affects your dexterity (-3).
   rN:        It renders you almost immune to negative energy.
   MP:        It affects your magic capacity (+9).
   Drain:     It drains your maximum health when unequipped.
Missiles
 d - 2 boomerangs of dispersal (quivered)
 g - 5 boomerangs
 o - 2 poisoned darts
Armour
 f - a +2 pair of gloves (worn)
 l - a +0 chain mail (worn)
Jewellery
 h - a ring of flight
 q - a ring of protection from fire (left hand)
Scrolls
 e - a scroll of magic mapping
Potions
 j - a potion of degeneration


   Skills:
 * Level 3.3 Fighting
 * Level 3.1 Maces & Flails
 - Level 0.8 Throwing
 * Level 2.4 Armour
 - Level 1.7 Dodging
 + Level 2.4 Spellcasting
 + Level 3.2 Translocations


You had 6 spell levels left.
You knew the following spells:

 Your Spells              Type           Power      Damage    Failure   Level
a - Blink                 Tloc           20%        N/A       82%         2

Your spell library contained the following spells:

 Spells                   Type           Power      Damage    Failure   Level
 Lesser Beckoning         Tloc           20%        N/A       82%         2
 Momentum Strike          Conj/Tloc      10%        3d8       96%         2
 Teleport Other           Tloc           10%        N/A       96%         3
 Slow                     Hex            4%         N/A       98%         1
 Vhi's Electric Charge    Tloc/Air       10%        N/A       99%         3
 Confusing Touch          Hex            1%         N/A       100%        3
 Summon Guardian Golem    Hex/Summ       1%         N/A       100%        3
 Vampiric Draining        Necr           1%         2d6       100%        3
 Manifold Assault         Tloc           10%        N/A       100%        4
 Orb of Destruction       Conj           0%         9d5       100%        7
 Spellforged Servitor     Conj/Summ      0%         N/A       100%        7


Dungeon Overview and Level Annotations

Branches:
Dungeon (5/15)
 Temple: D:4-7

Altars:
Ashenzari


Innate Abilities, Weirdness & Mutations

A weak demonic guardian rushes to your aid.
Your movements are slightly less encumbered by armour. (ER -2)
Your touch may inflict minor irresistible damage on your foes.


Message History

Unknown command.
Throw: 3 boomerangs (disperse)
Press: ? - help, Q - select action, (/) - cycle Shift-Dir - straight line, f/p - scorpion
Aim: a scorpion (severely wounded, 54% to hit)
You throw a boomerang of dispersal.
The boomerang of dispersal closely misses the orc.
The boomerang of dispersal closely misses the scorpion.
You feel sick. The orc hits you but does no damage.
The orc hits you with a +0 whip.
* * * LOW HITPOINT WARNING * * *
A demonic guardian appears!
Something stings your white imp!
Unknown command.
You closely miss the orc.
You feel sick. Something stings your white imp. The orc closely misses you.
Your white imp gestures at the orc.
The puff of frost hits the orc!
The orc dies!
Unknown command.
What are your orders? t - Shout!
Orders for allies: a - Attack new target. r - Retreat! s - Stop attacking. g - Guard the area. f - Follow me.
Anything else - Cancel.
Gang up on whom?
Press: ? - help, Dir - move target, f - iguana
Aim: an iguana (ally target) Attack!
You feel sick.
Your white imp hits the iguana.
Your white imp freezes the iguana.
The iguana seems to slow down.
Unknown command.
Unknown command.
You hit the scorpion.
Your weapon exudes an aura of protection.
The scorpion is almost dead.
You feel sick.
You are no longer poisoned.
The scorpion stings you but does no damage.
Your white imp gestures at the iguana.
The puff of frost hits the iguana!
The scorpion stings you.
You die...

### ###.####
###§§§§§.##
##.#o§§§§§..
##...§#o§§#..
#...§§#§§#...
###.§.§§§§...
###... #...s§§....
#@#..###..........
#..s5........#.....
#..$l.........##.##
#..#.......... ..#
##.#........... .##
###.......#..#
#......##...
#..###...# ##. ...


You could see a scorpion, an iguana (distracted, slow, ally target) and a
friendly white imp (summoned).

Vanquished Creatures
  11 adders
  A gnoll (D:4)
  A worm (D:2)
  7 dart slugs
  An orc (D:2)
  10 bats
  7 endoplasms
  3 giant cockroaches
  2 goblins (D:2)
  5 hobgoblins
  6 jackals (D:1)
  2 kobolds
  2 quokkas
  7 ball pythons
  4 frilled lizards
  5 rats
74 creatures vanquished.

Vanquished Creatures (collateral kills)
  An orc (D:4)
1 creature vanquished.

Grand Total: 75 creatures vanquished

Notes
Turn   | Place    | Note
-------+----------+-------------------------------------------
     0 | D:1      | Amplified the Demonspawn Warper began the quest for the
                  | Orb.
     0 | D:1      | Reached XP level 1. HP: 16/16 MP: 3/3
   122 | D:1      | Reached skill level 1 in Armour
   182 | D:1      | Gained mutation: Your touch may inflict minor irresistible
                  | damage on your foes. [demonic ancestry]
   182 | D:1      | Reached XP level 2. HP: 9/22 MP: 5/5
   443 | D:1      | Gained mutation: Your movements are slightly less
                  | encumbered by armour. (ER -2) [demonic ancestry]
   443 | D:1      | Reached XP level 3. HP: 28/28 MP: 6/6
  1183 | D:2      | Learned a level 2 spell: Blink
  1278 | D:2      | Gained mutation: A weak demonic guardian rushes to your
                  | aid. [demonic ancestry]
  1278 | D:2      | Reached XP level 4. HP: 31/34 MP: 7/7
  2367 | D:3      | Reached XP level 5. HP: 41/41 MP: 8/8
  2530 | D:3      | Found a faded altar of an unknown god.
  2537 | D:3      | Prayed at the altar of an unknown god.
  2537 | D:3      | Became a worshipper of Ashenzari the Shackled
  2930 | D:5      | Entered Level 5 of the Dungeon
  2958 | D:5      | Identified the +7 short sword of the Fulmar {heavy, Drain
                  | rN+++ MP+9 Dex-3}
  3067 | D:5      | Noticed a phantom
  3104 | D:4      | Slain by a scorpion

Illustrated notes

Levels and vault maps discovered:
D:1:      sevenhm_arrival_forest_fort_small_5, layout_basic, kennysheep_doodads
D:2:      layout_loops_cross, minmay_fractal_squares_gapless_5
D:3:      layout_loops_ring, dreamdust_ecumenical_altar_hidden_monk_grotto
D:4:      layout_cave_pools, gammafunk_ghost_stat_death, dk_noncrumbling_2,
          kennysheep_generic_room_11
D:5:      layout_basic, lemuel_round_altar, interstate_on_off, uniq_eustachio

Skill      XL: |  1  2  3  4  5 |
---------------+----------------+-----
Armour         | 1 2 |  2.4
Maces & Flails | 2 3 |  3.1
Translocations | 3 |  3.2
Fighting       | 3 |  3.3
Throwing       | |  0.8
Dodging        | |  1.7
Spellcasting   | |  2.4

Action                     |  1- 3 |  4- 6 || total
---------------------------+-------+-------++-------
  Melee: Mace              |   116 |   123 ||   239
         Touch             |    14 |    20 ||    34
  Throw: Boomerang         |       |     5 ||     5
 Invoke: Curse Item        |       |     1 ||     1
         Shatter the Chain |       |     1 ||     1
    Use: Scroll            |     3 |    13 ||    16
         Potion            |       |     4 ||     4
 Armour: Leather armour    |    15 |       ||    15
         Ring mail         |    31 |       ||    31
         Chain mail        |    21 |    90 ||   111
  Dodge: Dodged            |    87 |    63 ||   150
